cohdb
Replays
Latest Replays
All Replays
Popular Replays
Top Player Replays
Match Explorer
How It Works
Community
CoH3 Stats
Reddit
Sign in to upload your games and track your stats! →
Sign in with Steam
Match 30093686
Unlisted
Match 30093686
Overview
Messages
Build Orders
End
Construct Weapon Support Center
Selects Advanced Infantry Battlegroup
Engineer Squad
M1919 Machine Gun Team
Infantry Support Center
Construct Barracks
Selects Convert to Ranger Squad
Ranger Squad
Construct Medical Station
Munitions Surplus
Riflemen Squad
Convert to Ranger Squad
M1918 Browning Automatic Rifles
Selects Frontline Medical Station
Frontline Medical Station
Selects Artillery Observers
Improved M9 Bazooka Rockets
Riflemen Squad
Convert to Ranger Squad
Advanced Logistics
Selects Ranger Weapon Training
Captain Retinue
Engineer Squad
Survival Training
Riflemen Squad
Convert to Ranger Squad
Demolitions Package
Selects M2A1 105mm Howitzer Emplacement
Engineer Squad
Construct Tank Depot
Selects Free Fire Drills
M18 Hellcat Tank Destroyer
Engineer Squad
Frontline Medical Station
SirJack25 (Ger)
琵琵琶琶
DiegoVanilla
L O S T
NeTroK
paco14
Hanaken
Dan
0
0
Comments
sign in to comment!
No comments posted yet!